 Dungeon Crawl Stone Soup version 0.31-a0-851-g7ff8af7976 (webtiles) character file.

Game seed: 16254998443852996642

3304 Maratek the Cleaver (level 10, -13/59 (68) HPs)
             Began as an Octopode Fighter on Oct 5, 2023.
             Was a Follower of Qazlal.
             Mangled by Urug
             ... wielding a +1 demon trident of draining
              (21 damage)
             ... on level 10 of the Dungeon.
             The game lasted 00:10:02 (6302 turns).

Maratek the Cleaver (Octopode Fighter)              Turns: 6302, Time: 00:10:04

HP:   -13/59 (68)   AC:  1    Str: 31    XL:     10   Next: 1%
MP:   10/10         EV: 26    Int: 16    God:    Qazlal [*.....]
Gold: 222           SH:  1    Dex: 17    Spells: 9/9 levels left

rFire   + . .        x - +3 battleaxe
rCold   + . .        (shield currently unavailable)
rNeg    . . .        (helmet restricted)
rPois   .            u - amulet of regeneration
rElec   .            n - +6 ring of intelligence
rCorr   .            s - ring "Revah" {Drain rC+ EV+5 Dex+4}
SInv    +            q - +6 ring of strength
Will    .....        r - +5 ring of evasion
Stlth   +++++        t - ring of see invisible
HPRegen 1.09/turn    v - ring of protection from fire
MPRegen 0.12/turn    b - +6 ring of strength
                     (no ring)

%: no passive effects
@: heavily drained
A: almost no armour, amphibious, 8 rings, camouflage 1, gelatinous body 1,
(nimble swimmer 1), tentacles
a: Renounce Religion


You were on level 10 of the Dungeon.
You worshipped Qazlal.
Qazlal was aware of your devotion.
You visited 1 branch of the dungeon, and saw 8 of its levels.
You also visited: Ossuary.

You collected 1388 gold pieces.
You spent 1166 gold pieces at shops.

Inventory:

Hand Weapons
 x - a +3 battleaxe (weapon)
Jewellery
 b - a +6 ring of strength (on tentacle)
 g - an amulet of reflection
 n - a +6 ring of intelligence (left tentacle)
 q - a +6 ring of strength (on tentacle)
 r - a +5 ring of evasion (on tentacle)
 s - the ring "Revah" (right tentacle) {Drain rC+ EV+5 Dex+4}
   (You acquired it in an ossuary)

   [ring of evasion]

   EV+5:      It affects your evasion (+5).
   Dex+4:     It affects your dexterity (+4).
   rC+:       It protects you from cold.
   Drain:     It drains your maximum health when unequipped.
 t - a ring of see invisible (on tentacle)
 u - an amulet of regeneration (around mantle)
 v - a ring of protection from fire (on tentacle)
Wands
 a - a wand of paralysis (10)
 p - a wand of roots (14)
 A - a wand of flame (1)
Scrolls
 e - 2 scrolls of silence
 f - 2 scrolls of revelation
 h - a scroll of fog
 y - a scroll of enchant weapon
 z - a scroll of poison
Potions
 c - 3 potions of might
 d - a potion of resistance
 i - 3 potions of brilliance
 j - 2 potions of enlightenment
 k - 2 potions of heal wounds {unknown}
 l - 6 potions of mutation {unknown}
 m - a potion of curing
 o - 4 potions of magic {unknown}
 w - a potion of degeneration {unknown}


   Skills:
 + Level 5.9 Fighting
 + Level 9.9 Axes
 + Level 5.6 Dodging
 + Level 8.1 Stealth
 + Level 4.9 Shields


You had 9 spell levels left.
You didn't know any spells.
Your spell library contained the following spells:

 Spells                   Type           Power      Damage    Failure   Level
 Ozocubu's Armour         Ice            0%         N/A       58%         3
 Cause Fear               Hex            0%         N/A       94%         4
 Fireball                 Conj/Fire      0%         3d3       100%        5
 Ozocubu's Refrigeration  Ice            0%         4d7       100%        7
 Dragon's Call            Summ           0%         N/A       100%        9


Dungeon Overview and Level Annotations

Branches:
Dungeon (7/15)             Temple (0/1) D:7         Ossuary (visited)

Altars:
Gozag
Hepliaklqana
Qazlal
Wu Jian
Xom
Yredelemnul

Shops:
D:5 [=[:

Annotations:
D:10 Urug


Innate Abilities, Weirdness & Mutations

You cannot wear most types of armour.
You are amphibious.
You can wear up to eight rings at the same time.
Your skin changes colour to match your surroundings (Stealth+).
Your rubbery body absorbs attacks. (AC +1, EV +1)
((You are camouflaged when in or above water. (Stealth+)))
You have tentacles for arms and can constrict up to eight enemies at once.


Message History

The vampire mosquito closely misses you.
The vampire mosquito completely misses you.
You slash the vampire mosquito!
You destroy the vampire mosquito!
Qazlal accepts your kill.
You have reached level 10!
You feel agile.
HP restored.
A - a wand of flame (1)
You see here a vampire mosquito corpse.
You see here a vampire mosquito corpse.
There is a stone staircase leading down here.
Found a trident.
You now have 222 gold pieces (gained 16).
Urug the Orcish Ballista comes into view.
She is wielding a +1 demon trident of draining.
Urug shouts!
Urug hits you with a +1 demon trident of draining!!
You feel drained.
You closely miss Urug. You grab Urug. You squeeze Urug!
Urug is lightly wounded.
You constrict Urug. Urug completely misses you.
You slice Urug!!
Urug is heavily wounded.
You constrict Urug!
Urug hits you with a +1 demon trident of draining!!
* * * LOW HITPOINT WARNING * * *
You feel drained.
* * * LOW HITPOINT WARNING * * *
You slash Urug! Your squeeze misses Urug.
Urug is severely wounded.
You constrict Urug! Urug completely misses you.
You hit Urug but do no damage.
Urug is almost dead.
You constrict Urug!
Urug hits you with a +1 demon trident of draining!
* * * LOW HITPOINT WARNING * * *
You feel drained.
Urug hits you with a +1 demon trident of draining!!
You die...
Urug says, "One more harpy dead."

#.#.# #.#..#
..#.# #.#..#
##.#..#
#.####.....#
#........).#
########....##
..........#.#
.##########.#
#@# #o# ..#
.### #. #


You could see Urug.

Vanquished Creatures
  Maggie (D:6)
  Sigmund (D:3)
  2 vampire mosquitoes (D:10)
  Edmund (D:6)
  2 water moccasins (D:7)
  An orc warrior (D:7)
  A sky beast (D:7)
  4 black bears
  Blork the orc (D:4)
  A kobold brigand (D:7)
  A bullfrog (D:6)
  2 scorpions
  4 wights (D:6)
  7 water moccasin zombies (Ossuary)
  3 howler monkeys
  A jelly (D:6)
  2 hounds
  3 orc priests
  An iguana (D:5)
  A sleepcap (D:4)
  7 orc wizards
  2 mummies (Ossuary)
  Robin (D:2)
  8 adders
  A white imp (D:6)
  An ufetubus (D:5)
  2 adder zombies (Ossuary)
  A worm (D:2)
  2 dart slugs
  15 orcs
  8 endoplasms
  6 giant cockroaches
  23 goblins
  12 hobgoblins
  4 jackals (D:1)
  9 kobolds
  A quokka (D:4)
  4 ball pythons
  6 bats
  2 frilled lizards
  4 gnoll zombies (Ossuary)
  3 hobgoblin zombies (Ossuary)
  4 kobold zombies (Ossuary)
  4 orc zombies (Ossuary)
  2 quokka zombies (D:4)
  5 rats
  A butterfly (D:5)
178 creatures vanquished.

Notes
Turn   | Place    | Note
-------+----------+-------------------------------------------
     0 | D:1      | Maratek the Octopode Fighter began the quest for the Orb.
     0 | D:1      | Reached XP level 1. HP: 16/16 MP: 1/1
   129 | D:1      | Reached XP level 2. HP: 21/21 MP: 2/2
   663 | D:2      | Reached XP level 3. HP: 17/26 MP: 3/3
   784 | D:2      | Reached skill level 1 in Stealth
   875 | D:2      | Noticed Robin
   893 | D:2      | Killed Robin
   894 | D:2      | Reached XP level 4. HP: 8/31 MP: 4/4
   895 | D:2      | Reached skill level 3 in Axes
  1352 | D:3      | Reached XP level 5. HP: 27/36 MP: 5/5
  1452 | D:3      | Found a basalt altar of Yredelemnul.
  1554 | D:3      | Noticed Sigmund
  1570 | D:3      | Killed Sigmund
  1571 | D:3      | Reached skill level 4 in Axes
  1571 | D:3      | Reached XP level 6. HP: 16/43 MP: 6/6
  2328 | D:3      | Identified a scroll of acquirement
  2329 | D:3      | Acquired 994 gold pieces
  2523 | D:4      | Noticed Blork the orc
  2532 | D:4      | Reached skill level 5 in Axes
  2532 | D:4      | Reached XP level 7. HP: 47/47 MP: 7/7
  2568 | D:4      | Killed Blork the orc
  2739 | D:4      | Reached skill level 5 in Stealth
  2798 | D:4      | Found a sand-covered staircase.
  2824 | Ossuary  | Entered an ossuary
  3147 | Ossuary  | HP: 2/48 [water moccasin zombie (6)]
  3152 | Ossuary  | Reached skill level 6 in Axes
  3152 | Ossuary  | Reached XP level 8. HP: 11/54 MP: 8/8
  3593 | Ossuary  | Acquired the ring "Revah" {Drain rC+ EV+5 Dex+4}
  4218 | D:5      | Entered Level 5 of the Dungeon
  4314 | D:5      | Found an ornate altar of the Wu Jian Council.
  4407 | D:5      | Found Tilluub's Jewellery Shop.
  4419 | D:5      | Bought a +5 ring of evasion for 396 gold pieces
  4419 | D:5      | Bought a ring of see invisible for 165 gold pieces
  4419 | D:5      | Bought an amulet of regeneration for 330 gold pieces
  4419 | D:5      | Bought a ring of protection from fire for 275 gold pieces
  4443 | D:5      | Found Soadec's Armour Boutique.
  4588 | D:5      | Found Tiwyoz's Armour Emporium.
  4596 | D:5      | Reached skill level 7 in Axes
  4769 | D:5      | Found Qaumm's Book Boutique.
  4790 | D:5      | Found Detekon's Armour Emporium.
  4799 | D:5      | Found a shimmering altar of Xom.
  5115 | D:6      | Noticed Maggie
  5125 | D:6      | Killed Maggie
  5126 | D:6      | Reached skill level 5 in Fighting
  5126 | D:6      | Reached XP level 9. HP: 54/61 MP: 9/9
  5153 | D:6      | Reached skill level 8 in Axes
  5159 | D:6      | Reached skill level 5 in Dodging
  5175 | D:6      | Found an opulent altar of Gozag.
  5176 | D:6      | Found a stormy altar of Qazlal.
  5177 | D:6      | Found a hazy altar of Hepliaklqana.
  5189 | D:6      | Became a worshipper of Qazlal Stormbringer
  5339 | D:6      | Noticed Edmund
  5350 | D:6      | Killed Edmund
  5954 | D:7      | Reached skill level 9 in Axes
  6026 | D:7      | Found a staircase to the Ecumenical Temple.
  6255 | D:7      | You fall into a shaft and drop 3 floors!
  6255 | D:10     | Entered Level 10 of the Dungeon
  6263 | D:10     | Reached * piety under Qazlal
  6270 | D:10     | Reached XP level 10. HP: 66/68 MP: 10/10
  6295 | D:10     | Noticed Urug
  6302 | D:10     | Mangled by Urug

Illustrated notes

Levels and vault maps discovered:
D:1:      lightli_arrival_quake, layout_loops_ring
D:2:      layout_rooms, kennysheep_generic_room_16, uniq_robin
D:3:      layout_basic, mainiacjoe_overflow_alcove_1, minmay_ruptured,
          uniq_sigmund
D:4:      layout_basic, enter_ossuary_4, uniq_blork_the_orc
D:5:      layout_loops_ring, marbit_many_paths, xom_butterflies, serial_shops,
          nicolae_lakefront_shop, shop, nicolae_stop_n_shop_1,
          nicolae_shop_stone, shop
D:6:      layout_loops_corners, gammafunk_temple_overflow_claw, uniq_edmund,
          uniq_maggie
D:7:      layout_basic, minmay_temple_entry_hall, minmay_misc_feat_encased
D:10:     layout_loops_ring, uniq_urug, uniq_gastronok

Skill      XL: |  1  2  3  4  5  6  7  8  9 |
---------------+----------------------------+-----
Stealth        | 1 2 3 4 5 6 8 |  8.1
Axes           | 3 4 5 6 7 9 |  9.9
Fighting       | 4 5 |  5.9
Shields        | 4 |  4.9
Dodging        | 4 5 |  5.6

Action                     |  1- 3 |  4- 6 |  7- 9 | 10-12 || total
---------------------------+-------+-------+-------+-------++-------
  Melee: War axe           |    58 |   100 |   132 |       ||   290
         Tentacles         |     7 |    11 |    52 |     1 ||    71
         Constrict         |    12 |    17 |    54 |     1 ||    84
         Punch             |       |     2 |     2 |       ||     4
         Battleaxe         |       |       |    76 |     4 ||    80
    Use: Scroll            |       |     6 |     9 |       ||    15
         Potion            |       |       |     3 |       ||     3
   Stab: Sleeping          |     3 |    15 |    19 |       ||    37
         Distracted        |       |       |     1 |       ||     1
 Armour: Skin              |    29 |    26 |    90 |     4 ||   149
  Dodge: Dodged            |    45 |    37 |   157 |     2 ||   241
  Block: Buckler           |    20 |    36 |    77 |       ||   133
         Reflection        |       |       |     2 |       ||     2

Table legend: (Time is in decaauts)
 A = Elapsed time spent in this place.
 B = Non-inter-level travel time spent in this place.
 C = Inter-level travel time spent in this place.
 D = Time resting spent in this place.
 E = Time spent auto-exploring this place.
 F = Levels seen in this place.
 G = Mean time per level.
                   A        B        C        D        E       F      G
               +--------+--------+--------+--------+--------+-----+--------+
         Total |   6407 |   6219 |    188 |    607 |   4364 |   9 |  711.9 |
       Dungeon |   5607 |   5419 |    188 |     63 |   4214 |   8 |  700.9 |
       Ossuary |    800 |    800 |      0 |    544 |    150 |   1 |  800.0 |
               +--------+--------+--------+--------+--------+-----+--------+

Top non-repeatable levels by time:
     D:4: 1109 daAuts
     D:3: 1019 daAuts
     D:6: 979 daAuts
 Ossuary: 800 daAuts
     D:5: 735 daAuts
     D:2: 709 daAuts
     D:1: 660 daAuts
     D:7: 344 daAuts
    D:10: 48 daAuts
